 Dungeon Crawl Stone Soup version 0.31.0-11-ge490571c62 (webtiles) character file.

Game seed: 6053879864468208597

154 Chiseanne the Trooper (level 5, 44/44 HPs)
             Began as a Demonspawn Wanderer on Feb 10, 2024.
             Quit the game on level 3 of the Dungeon.
             The game lasted 00:05:15 (2689 turns).

Chiseanne the Trooper (Demonspawn Wanderer)         Turns: 2689, Time: 00:05:16

Health: 44/44      AC:  5    Str: 13    XL:     5   Next: 13%
Magic:  5/5        EV: 11    Int: 11    God:
Gold:   124        SH:  5    Dex: 15    Spells: 4/4 levels left

rFire   . . .        a - +3 short sword
rCold   . . .        b - +0 buckler
rNeg    . . .        d - +0 leather armour
rPois   .            h - +0 helmet
rElec   .            (no cloak)
rCorr   .            (no gloves)
SInv    .            (no boots)
Will    .....        (no amulet)
Stlth   +            (no ring)
HPRegen 0.27/turn    (no ring)
MPRegen 0.09/turn

%: no passive effects
@: no status effects
A: claws 1, rugged brown scales 1
a: no special abilities


You were on level 3 of the Dungeon.
You visited 1 branch of the dungeon, and saw 3 of its levels.

You collected 124 gold pieces.

Inventory:

Hand Weapons
 a - a +3 short sword (weapon)
Missiles
 f - 27 stones (quivered)
 o - 3 boomerangs
Armour
 b - a +0 buckler (worn)
 d - a +0 leather armour (worn)
 h - a +0 helmet (worn)
 n - a +0 ring mail
Talismans
 l - a blade talisman
Wands
 k - a wand of quicksilver (14)
Scrolls
 m - a scroll of identify
Potions
 c - 2 potions of mutation
 e - a potion of ambrosia {unknown}
 g - 2 potions of heal wounds
 i - a potion of cancellation {unknown}
 j - a potion of curing {unknown}


   Skills:
 * Level 4.7 Fighting
 - Level 2.6 Short Blades
 * Level 2.9 Armour
 * Level 2.0 Dodging
 * Level 2.3 Shields


You had 4 spell levels left.
You didn't know any spells.
Your spell library contained the following spells:

 Spells                   Type           Power      Damage    Failure   Level
 Lesser Beckoning         Tloc           0%         N/A       67%         2
 Gell's Gravitas          Tloc           0%         N/A       88%         3
 Teleport Other           Tloc           0%         N/A       88%         3
 Brom's Barrelling Bould  Conj/Erth      0%         2d3       99%         4
 Fireball                 Conj/Fire      0%         3d3       100%        5
 Iskenderun's Battlesphe  Conj           0%         2d6       100%        5
 Conjure Ball Lightning   Conj/Air       0%         3x3d6     100%        6
 Orb of Destruction       Conj           0%         9d5       100%        7


Dungeon Overview and Level Annotations

Branches:
Dungeon (3/15)

Altars:

Shops:
D:3 *:?


Innate Abilities, Weirdness & Mutations

You have sharp fingernails.
You are partially covered in rugged brown scales. (AC +1, +3% HP)


Message History

You hit the orc.
The orc is heavily wounded.
The orc hits you with a +0 short sword.
You barely miss the orc.
The orc is heavily wounded.
The orc closely misses you.
You hit the orc but do no damage.
The orc is heavily wounded.
The orc hits you with a +0 short sword.
You hit the orc but do no damage.
The orc is heavily wounded.
The orc closely misses you.
You hit the orc but do no damage.
The orc is heavily wounded.
The orc misses you.
You hit the orc.
You kill the orc!
No target in view!
No target in view!
No target in view!
No target in view!
No target in view!
No target in view!
No target in view!
No target in view!
No target in view!
No target in view!
No target in view!
No target in view!
No target in view!
No target in view!
No target in view!
No target in view!
Items here: )) [ †.
n - a +0 ring mail
Items here: )) [ †.
o - 3 boomerangs
Items here: ) †††.
Okay, then.
Are you sure you want to abandon this character and quit the game? (Confirm with "yes".)

........###.....####
.######.# #....## #
#### #.# #...## ..#
#.# ##.## # #.# #.#
#.# # #.##.###.# #.#
# #........# #.#
##### ####.##### #.#
#..'. #### #@# #.#
#.##. #...####.#
#.###.#.. #.)))..#
#..)..###
.......######
######### ####... #.
#### ## #


There were no monsters in sight!

Vanquished Creatures
  An orc wizard (D:3)
  3 gnolls (D:2)
  An adder (D:3)
  2 dart slugs
  11 orcs (D:3)
  5 endoplasms
  2 giant cockroaches
  10 goblins
  3 hobgoblins
  8 jackals
  A quokka (D:3)
  7 ball pythons
  4 bats
  2 frilled lizards
  4 kobolds
  7 rats
71 creatures vanquished.

Notes
Turn   | Place    | Note
-------+----------+-------------------------------------------
     0 | D:1      | Chiseanne the Demonspawn Wanderer began the quest for the
                  | Orb.
     0 | D:1      | Chiseanne set off with the following items: a +3 short
                  | sword, a +0 buckler, a potion of mutation, a +0 leather
                  | armour.
     0 | D:1      | Reached XP level 1. HP: 19/19 MP: 1/1
   121 | D:1      | Gained mutation: You are partially covered in rugged brown
                  | scales. (AC +1, +3% HP) [demonic ancestry]
   121 | D:1      | Reached XP level 2. HP: 19/25 MP: 2/2
   370 | D:1      | Reached skill level 1 in Dodging
   490 | D:1      | Reached XP level 3. HP: 30/30 MP: 3/3
  1485 | D:2      | Reached XP level 4. HP: 30/39 MP: 4/4
  1570 | D:2      | Noticed a black bear
  1875 | D:3      | Found Qysotuh's Book Emporium.
  1937 | D:3      | Found Umydasch's Magic Scroll Emporium.
  2261 | D:3      | Found a faded altar of an unknown god.
  2422 | D:3      | Found Poism's Assorted Antiques.
  2502 | D:3      | Gained mutation: You have sharp fingernails. [demonic
                  | ancestry]
  2502 | D:3      | Reached XP level 5. HP: 36/44 MP: 5/5
  2689 | D:3      | Quit the game

Illustrated notes

Levels and vault maps discovered:
D:1:      amcnicky_arrival_double_pillar, layout_basic
D:2:      layout_loops_cross
D:3:      layout_loops_corners, serial_shops, shop,
          nicolae_shop_real_fake_doors, nicolae_shop_rolled_up,
          nicolae_shop_rolling_square, ebering_ecumenical_altar_hall

Skill      XL: |  1  2  3  4  5 |
---------------+----------------+-----
Armour         | 2 |  2.9
Dodging        | 1 2 |  2.0
Shields        | 2 |  2.3
Fighting       | |  4.7
Short Blades   | |  2.6

Action                     |  1- 3 |  4- 6 || total
---------------------------+-------+-------++-------
  Melee: Short sword       |   103 |   126 ||   229
  Throw: Stone             |     1 |       ||     1
    Use: Scroll            |       |     2 ||     2
   Stab: Sleeping          |     1 |       ||     1
 Armour: Leather armour    |    55 |    55 ||   110
  Dodge: Dodged            |    54 |    49 ||   103
  Block: Buckler           |    17 |    14 ||    31
